[Event "Titled Tuesday Blitz November 22 Late 2022"]
[White "Popilski, Gil"]
[Black "Tari, Aryan"]
[WhiteFideId "2809060"]
[BlackFideId "1510045"]
[WhiteElo "2537"]
[BlackElo "2612"]
[Result "0-1"]
[Round "08"]
[TimeControl "180+1"]
[Date "2022.11.22"]
[WhiteClock "0:01:41"]
[BlackClock "0:01:59"]

1. e4 e5 2. Nf3 Nc6 3. d4 exd4 4. Nxd4 Qf6 5. Be3 Bc5 6. c3 Nge7 7. Bc4 O-O 8. O-O Qg6 9. Re1 Bb6 10. Nd2 Ne5 11. Bf1 d5 12. Bf4 N5c6 13. Nxc6 bxc6 14. Nf3 dxe4 15. Ng5 Nd5 0-1


[Site "https://www.chess.com"]

[Event "Titled Tuesday Blitz November 22 Late 2022"]
[White "Pranav, V"]
[Black "Kamsky, Gata"]
[WhiteFideId "25060783"]
[BlackFideId "2000024"]
[WhiteElo "2430"]
[BlackElo "2666"]
[Result "0-1"]
[Round "08"]
[TimeControl "180+1"]
[Date "2022.11.22"]
[WhiteClock "0:00:01"]
[BlackClock "0:01:07"]

1. e4 e5 2. Nf3 Nc6 3. Bc4 Bc5 4. c3 Nf6 5. d4 exd4 6. e5 d5 7. Bb5 Ne4 8. cxd4 Bb6 9. Nc3 O-O 10. O-O Bg4 11. Be3 f5 12. Bxc6 bxc6 13. Ne2 g5 14. h3 Bh5 15. Ng3 Bg6 16. Nxe4 dxe4 17. Nxg5 Qd5 18. Qb3 f4 19. Bc1 Rae8 20. h4 Bxd4 21. Nh3 e3 22. Qd1 Rxe5 23. fxe3 fxe3 24. Rxf8+ Kxf8 25. Qe1 e2+ 26. Kh2 Re4 27. Bh6+ Ke8 28. Bg5 Qe5+ 29. Kh1 Bf5 30. Ng1 Bxg1 31. Kxg1 h6 32. Bxh6 Qd4+ 33. Qf2 e1=Q+ 0-1


[Site "https://www.chess.com"]

[Event "Titled Tuesday Blitz November 22 Late 2022"]
[White "Principe, Gerson"]
[Black "Prem, Pranav"]
[WhiteFideId "3804550"]
[BlackFideId "30901057"]
[WhiteElo "2280"]
[BlackElo "1970"]
[Result "1/2-1/2"]
[Round "08"]
[TimeControl "180+1"]
[Date "2022.11.23"]
[WhiteClock "0:00:09"]
[BlackClock "0:00:07"]

1. d4 d5 2. Nf3 Nf6 3. c4 e6 4. Nc3 Be7 5. Bg5 O-O 6. e3 Nbd7 7. cxd5 exd5 8. Bd3 c6 9. Qc2 Re8 10. O-O Nf8 11. Rae1 Ne4 12. Bxe7 Qxe7 13. Bxe4 dxe4 14. Nd2 f5 15. Nc4 Ng6 16. a3 Be6 17. Nd2 Qg5 18. f4 Qe7 19. Na4 Bd5 20. Nc5 b6 21. Na4 Rac8 22. b4 Nf8 23. Rc1 Ne6 24. Nc3 Qd7 25. Qb2 Nc7 26. Rc2 Nb5 27. Nxb5 cxb5 28. Rfc1 Bb7 29. Rc3 Rxc3 30. Rxc3 Rc8 31. Qc2 Rxc3 32. Qxc3 Bd5 33. Qc2 h6 34. Qc1 Qe7 35. Qc8+ Qf8 36. Qd7 Qf7 37. Qxb5 h5 38. a4 h4 39. a5 bxa5 40. bxa5 h3 41. g3 Kh7 42. Qe2 Kg8 43. Kf2 Qc7 44. g4 fxg4 45. Qxg4 Qxa5 46. Qc8+ Kh7 47. Qf5+ Kg8 48. Nxe4 Qa2+ 49. Ke1 Bxe4 50. Qxe4 Qxh2 51. Qe8+ Kh7 52. Qh5+ Kg8 53. Qe8+ Kh7 54. Qh5+ Kg8 55. Qe8+ 1/2-1/2


[Site "https://www.chess.com"]

[Event "Titled Tuesday Blitz November 22 Late 2022"]
[White "Prydun, Andriy"]
[Black "Brown, Andrew"]
[WhiteFideId "14145898"]
[BlackFideId "3206513"]
[WhiteElo "2163"]
[BlackElo "2245"]
[Result "1/2-1/2"]
[Round "08"]
[TimeControl "180+1"]
[Date "2022.11.23"]
[WhiteClock "0:01:20"]
[BlackClock "0:00:47"]

1. e4 g6 2. d4 Bg7 3. Nc3 d6 4. Be3 a6 5. a4 Nd7 6. Nf3 e5 7. h3 Ne7 8. Bc4 O-O 9. O-O exd4 10. Nxd4 Nc6 11. Nxc6 bxc6 12. Bd4 Ne5 13. Bb3 Bxh3 14. Bxe5 Bxe5 15. gxh3 h5 16. f4 Qh4 17. fxe5 Qg3+ 18. Kh1 Qxh3+ 19. Kg1 Qg3+ 20. Kh1 Qh3+ 21. Kg1 Qg3+ 22. Kh1 Qh3+ 1/2-1/2


[Site "https://www.chess.com"]

[Event "Titled Tuesday Blitz November 22 Late 2022"]
[White "Rizzo, Tobias"]
[Black "Przybylski, Wojciech"]
[WhiteFideId "30942691"]
[BlackFideId "1117599"]
[WhiteElo "2327"]
[BlackElo "2221"]
[Result "0-1"]
[Round "08"]
[TimeControl "180+1"]
[Date "2022.11.23"]
[WhiteClock "0:00:02"]
[BlackClock "0:00:21"]

1. d4 Nf6 2. Bg5 Ne4 3. h4 c5 4. d5 Qb6 5. Nd2 Nxg5 6. hxg5 g6 7. e4 Bg7 8. Nc4 Qd8 9. a4 d6 10. Nf3 Nd7 11. Be2 O-O 12. Qd3 b6 13. Nfd2 Re8 14. f4 Nf8 15. c3 e6 16. dxe6 Nxe6 17. Qxd6 Bb7 18. g3 Re7 19. Qxd8+ Rxd8 20. O-O-O Red7 21. Rhe1 h6 22. gxh6 Bxh6 23. Bg4 Bg7 24. Bxe6 fxe6 25. Kc2 Bc6 26. b3 Kf7 27. e5 Bf8 28. Rh1 Bxh1 29. Rxh1 Kg7 30. Rh4 Rd3 31. Ne4 Rf3 32. Nf6 Rf2+ 33. Kc1 Rf1+ 34. Kc2 Rf2+ 35. Kc1 g5 36. fxg5 Rf1+ 37. Kc2 Rf2+ 38. Kc1 Rd3 39. Ne4 Rg2 40. Ncd2 c4 41. bxc4 Ba3+ 42. Kc2 Re3 43. Rf4 Be7 44. g4 Ree2 45. Kd3 Rxd2+ 46. Nxd2 Bxg5 0-1


[Site "https://www.chess.com"]

[Event "Titled Tuesday Blitz November 22 Late 2022"]
[White "Rodriguez Santiago, Jaime"]
[Black "Gonzalez, Francisco Silva"]
[WhiteFideId "3100898"]
[BlackFideId "1512285"]
[WhiteElo "2025"]
[BlackElo "2159"]
[Result "0-1"]
[Round "08"]
[TimeControl "180+1"]
[Date "2022.11.23"]
[WhiteClock "0:00:09"]
[BlackClock "0:00:59"]

1. c4 e6 2. Nf3 d5 3. g3 a6 4. Bg2 dxc4 5. a4 Nc6 6. O-O e5 7. Qc2 Nf6 8. Na3 Bxa3 9. Rxa3 Be6 10. a5 O-O 11. Ng5 Bd5 12. e4 Nd4 13. Qd1 Bc6 14. Rc3 Bb5 15. f4 Re8 16. h3 h6 17. Nf3 exf4 18. e5 Nxf3+ 19. Qxf3 Qd4+ 20. Kh1 Qxe5 21. gxf4 Qf5 22. Qxb7 c6 23. Qb6 Re2 24. Rf2 Re1+ 25. Kh2 Rae8 26. Rg3 Ne4 27. Bxe4 Qxe4 28. Rfg2 Qxf4 29. d3 Rxc1 30. dxc4 Rxc4 31. Qg1 Rc2 32. Kh1 Rxg2 33. Rxg2 g5 0-1


[Site "https://www.chess.com"]

[Event "Titled Tuesday Blitz November 22 Late 2022"]
[White "Roman, Rodrigo"]
[Black "De Souza, Cristiano Gomes"]
[WhiteFideId "3701220"]
[BlackFideId "2151758"]
[WhiteElo "1995"]
[BlackElo "2068"]
[Result "1-0"]
[Round "08"]
[TimeControl "180+1"]
[Date "2022.11.23"]
[WhiteClock "0:01:50"]
[BlackClock "0:02:39"]

1. c4 Nf6 2. Nf3 g6 3. g3 Bg7 4. Bg2 d6 5. d4 O-O 6. Nc3 Nc6 7. O-O Bf5 8. b3 Ne4 9. Bb2 Nxc3 10. Bxc3 Be4 11. Qd2 e5 12. dxe5 dxe5 13. Qe3 Bxf3 14. Bxf3 Re8 15. Bxc6 bxc6 16. Rad1 f5 17. Rxd8 Raxd8 18. Qxa7 1-0


[Site "https://www.chess.com"]

[Event "Titled Tuesday Blitz November 22 Late 2022"]
[White "Romanchuk, Viktor"]
[Black "Graif, William"]
[WhiteFideId "14109271"]
[BlackFideId "2609835"]
[WhiteElo "2242"]
[BlackElo "2205"]
[Result "1-0"]
[Round "08"]
[TimeControl "180+1"]
[Date "2022.11.23"]
[WhiteClock "0:00:03"]
[BlackClock "0:00:02"]

1. d4 Nf6 2. c4 e5 3. dxe5 Ng4 4. Bf4 Nc6 5. Nf3 f6 6. exf6 Qxf6 7. Qd2 Bb4 8. Nc3 Bxc3 9. bxc3 O-O 10. e3 d6 11. c5 dxc5 12. Bxc7 Be6 13. Be2 Nce5 14. O-O Rf7 15. Bxe5 Nxe5 16. Nxe5 Qxe5 17. f4 Qc7 18. e4 Rd8 19. Qe3 g6 20. a4 b6 21. h3 Rfd7 22. f5 Bf7 23. e5 gxf5 24. e6 Re7 25. exf7+ Rxf7 26. Qf4 Qxf4 27. Rxf4 Re7 28. Bf3 Rd2 29. Rxf5 Re3 30. a5 Rxc3 31. axb6 axb6 32. Ra8+ Kg7 33. Ra7+ Kg6 34. Re5 Rc1+ 35. Kh2 c4 36. Re6+ Kf5 37. Rxb6 c3 38. Rc6 c2 39. Rac7 Kf4 40. Rc4+ Ke3 41. Kg3 Kd3 42. Be4+ Ke3 43. Bxh7 Rg1 44. Be4 1-0


[Site "https://www.chess.com"]

[Event "Titled Tuesday Blitz November 22 Late 2022"]
[White "Rose, Felix"]
[Black "D`Arruda, Ricardo D."]
[WhiteFideId "5105722"]
[BlackFideId "100692"]
[WhiteElo "2039"]
[BlackElo "2507"]
[Result "1-0"]
[Round "08"]
[TimeControl "180+1"]
[Date "2022.11.23"]
[WhiteClock "0:00:13"]
[BlackClock "0:00:07"]

1. e4 c5 2. Nf3 Nc6 3. d4 cxd4 4. Nxd4 e5 5. Nb5 a6 6. Nd6+ Bxd6 7. Qxd6 Qe7 8. Qxe7+ Ngxe7 9. Nc3 Nb4 10. Bd3 d5 11. Nxd5 Nexd5 12. exd5 Nxd3+ 13. cxd3 Bf5 14. f4 O-O-O 15. fxe5 Rxd5 16. O-O Rxe5 17. Bf4 Rd5 18. Rac1+ Kd8 19. d4 Be6 20. Bc7+ Kd7 21. Bb6 Rc8 22. Rxc8 Kxc8 23. Rc1+ Kb8 24. a4 Rd7 25. a5 Bd5 26. Re1 Be6 27. b4 Rd5 28. h3 Kc8 29. Rc1+ Kb8 30. Kh2 Rd7 31. Re1 Rd6 32. Kg3 Rc6 33. Re5 Rd6 34. Kf2 Kc8 35. Rc5+ Rc6 36. Rg5 g6 37. Re5 Kd7 38. d5 Rc2+ 39. Ke3 Bf5 40. Bc5 Rxg2 41. Re7+ Kd8 42. Rxf7 Rg3+ 43. Kf4 Rxh3 44. Ke5 Bc8 45. Rf8+ Kd7 46. Rf7+ Ke8 47. Re7+ Kd8 48. Kd6 Bf5 49. Bb6+ Kc8 50. Re8# 1-0


[Site "https://www.chess.com"]

[Event "Titled Tuesday Blitz November 22 Late 2022"]
[White "Rosen, Eric"]
[Black "Reprintsev, Alexander"]
[WhiteFideId "2032562"]
[BlackFideId "14100541"]
[WhiteElo "2362"]
[BlackElo "2230"]
[Result "1-0"]
[Round "08"]
[TimeControl "180+1"]
[Date "2022.11.23"]
[WhiteClock "0:00:50"]
[BlackClock "0:00:03"]

1. d4 d5 2. Bf4 Nf6 3. e3 c5 4. Nf3 e6 5. Nbd2 Bd7 6. c3 Qb6 7. Qb3 Bc6 8. Be2 Nbd7 9. O-O Be7 10. h3 O-O 11. Ne5 Rfc8 12. Nxc6 bxc6 13. Rfe1 a5 14. Qxb6 Nxb6 15. Bd3 Ra7 16. e4 cxd4 17. cxd4 dxe4 18. Nxe4 Nxe4 19. Bxe4 Nd5 20. Bg3 Rb7 21. b3 a4 22. Rac1 Bb4 23. Bxd5 Bxe1 24. Bc4 Bd2 25. Rc2 axb3 26. axb3 Bb4 27. Ba6 Rbc7 28. Rc4 Be7 29. b4 Kf8 30. b5 Ke8 31. b6 Ra8 32. bxc7 1-0


[Site "https://www.chess.com"]

[Event "Titled Tuesday Blitz November 22 Late 2022"]
[White "Rustemov, Alexander"]
[Black "Kilic, Eray"]
[WhiteFideId "4119002"]
[BlackFideId "44517173"]
[WhiteElo "2876"]
[BlackElo "2328"]
[Result "1-0"]
[Round "08"]
[TimeControl "180+1"]
[Date "2022.11.22"]
[WhiteClock "0:00:24"]
[BlackClock "0:00:13"]

1. d4 Nf6 2. c4 e6 3. Nf3 b6 4. a3 Bb7 5. Nc3 Be7 6. Bg5 O-O 7. e3 d6 8. Be2 Nbd7 9. O-O Ne4 10. Bxe7 Qxe7 11. Nxe4 Bxe4 12. Nd2 Bb7 13. Bf3 Bxf3 14. Nxf3 e5 15. Qc2 f5 16. dxe5 Nxe5 17. Nxe5 Qxe5 18. Rad1 Rae8 19. g3 Rf6 20. Rd4 Rh6 21. b4 Qe6 22. c5 bxc5 23. bxc5 f4 24. exf4 Qh3 25. f3 dxc5 26. Re4 Rxe4 27. fxe4 Qh5 28. Rf2 Rd6 29. Kg2 h6 30. e5 Rd5 31. Qe4 c6 32. e6 Qe8 33. f5 Rd6 34. g4 Rd4 35. Qf3 Qe7 36. h3 h5 37. gxh5 c4 38. Qg3 Qf6 39. Qg6 Qe5 40. h6 Qd5+ 41. Kh2 Qe5+ 42. Qg3 Qxg3+ 43. Kxg3 c3 44. hxg7 Rd3+ 45. Kf4 Kxg7 46. Ke5 Rd2 47. f6+ Kf8 48. Rf3 c2 49. Rc3 Re2+ 50. Kd6 Rd2+ 51. Kxc6 Re2 52. Kd5 Rd2+ 53. Ke5 Re2+ 54. Kf5 Rf2+ 55. Kg5 Rg2+ 56. Kh4 Kg8 57. Rc8+ Kh7 58. f7 Rf2 59. e7 c1=Q 60. Rxc1 1-0


[Site "https://www.chess.com"]

[Event "Titled Tuesday Blitz November 22 Late 2022"]
[White "Salman, Pavel"]
[Black "Janaszak, Dawid"]
[WhiteFideId "24153753"]
[BlackFideId "1119206"]
[WhiteElo "2187"]
[BlackElo "2226"]
[Result "0-1"]
[Round "08"]
[TimeControl "180+1"]
[Date "2022.11.23"]
[WhiteClock "0:00:36"]
[BlackClock "0:01:27"]

1. Nf3 g6 2. d4 Bg7 3. c4 c5 4. d5 d6 5. e4 Bg4 6. Be2 Nf6 7. Nc3 O-O 8. O-O e6 9. h3 Bxf3 10. Bxf3 exd5 11. cxd5 Nbd7 12. g3 Re8 13. Bg2 b5 14. Nxb5 Nxe4 15. Bxe4 Rxe4 16. Nxd6 Rd4 17. Qf3 Ne5 18. Qa3 Qxd6 19. Bf4 Qxd5 20. Bxe5 Bxe5 21. Rac1 c4 22. Rfe1 Rd3 23. Qa4 Rc8 24. Rc2 Bd4 25. Kh2 Kg7 26. Ree2 Rd1 27. f3 Qxf3 28. Rg2 Qf1 29. g4 Be5+ 0-1


[Site "https://www.chess.com"]

[Event "Titled Tuesday Blitz November 22 Late 2022"]
[White "Samarth, J Rao"]
[Black "Winterberg, Lukas"]
[WhiteFideId "46652370"]
[BlackFideId "24622702"]
[WhiteElo "1564"]
[BlackElo "2349"]
[Result "1-0"]
[Round "08"]
[TimeControl "180+1"]
[Date "2022.11.23"]
[WhiteClock "0:00:01"]
[BlackClock "0:00:05"]

1. c4 Nf6 2. Nc3 e5 3. Nf3 e4 4. Ng5 c6 5. Ngxe4 Nxe4 6. Nxe4 d5 7. cxd5 cxd5 8. Ng3 h5 9. e3 h4 10. Ne2 Nc6 11. h3 d4 12. Nxd4 Nxd4 13. exd4 Bd6 14. Bb5+ Kf8 15. O-O Bxh3 16. Qf3 Be6 17. Re1 Bd5 18. Qf5 g6 19. Qg4 h3 20. gxh3 Qf6 21. d3 Rh4 22. Qg5 Bh2+ 23. Kf1 Qxg5 24. Bxg5 Rxh3 25. Bc4 Bf3 26. Re7 Be5 27. Rxf7+ Ke8 28. Rxf3 Rxf3 29. dxe5 Rh3 30. Kg2 Rh5 31. f4 a6 32. d4 Rc8 33. Bb3 a5 34. d5 b5 35. d6 Kd7 36. Rd1 Re8 37. e6+ Kc6 38. d7 Rhh8 39. e7 a4 40. Bf7 b4 41. Bxe8 Rxe8 42. dxe8=Q+ Kc5 43. Qc8+ Kb5 44. e8=Q+ Ka5 45. Qec6 b3 46. Rd5+ Kb4 47. a3# 1-0


[Site "https://www.chess.com"]

[Event "Titled Tuesday Blitz November 22 Late 2022"]
[White "Sanchez, Robert"]
[Black "Arbunic Castro, Giovanna"]
[WhiteFideId "2034360"]
[BlackFideId "3400549"]
[WhiteElo "2312"]
[BlackElo "1997"]
[Result "1-0"]
[Round "08"]
[TimeControl "180+1"]
[Date "2022.11.23"]
[WhiteClock "0:00:08"]
[BlackClock "0:00:02"]

1. e4 g6 2. d4 Bg7 3. Nc3 c5 4. Nf3 Qa5 5. Be2 Nf6 6. O-O cxd4 7. Nxd4 O-O 8. Nb3 Qd8 9. f4 d6 10. Bf3 Nc6 11. Be3 h5 12. h3 Be6 13. Qd2 Qd7 14. Rad1 Rfd8 15. Qe2 Qc8 16. f5 Bd7 17. fxg6 fxg6 18. Nd5 Nxd5 19. exd5 Ne5 20. Bg5 Re8 21. Be4 a6 22. Rf2 Bb5 23. Qe1 Nf7 24. Bc1 Ne5 25. Nd4 Bd7 26. Bf4 Rf8 27. Bxe5 Bxe5 28. Bxg6 Rxf2 29. Qxf2 Be8 30. Bxe8 Qxe8 31. Ne6 Qg6 32. c3 Bg3 33. Qf3 Rc8 34. Rf1 h4 35. a4 b5 36. axb5 axb5 37. b3 b4 38. cxb4 Rb8 39. b5 Kh8 40. b6 Be5 41. b7 1-0


[Site "https://www.chess.com"]

[Event "Titled Tuesday Blitz November 22 Late 2022"]
[White "Sarana, Alexey"]
[Black "Chigaev, Maksim"]
[WhiteFideId "24133795"]
[BlackFideId "4108116"]
[WhiteElo "2708"]
[BlackElo "2541"]
[Result "1/2-1/2"]
[Round "08"]
[TimeControl "180+1"]
[Date "2022.11.22"]
[WhiteClock "0:00:17"]
[BlackClock "0:00:06"]

1. c4 e5 2. Nc3 Bb4 3. Nd5 Be7 4. d4 exd4 5. Qxd4 Nf6 6. Nxe7 Qxe7 7. Bg5 Nc6 8. Qc3 d6 9. Nf3 Be6 10. e3 Rg8 11. Bxf6 Qxf6 12. Qxf6 gxf6 13. Nd4 Ne5 14. f4 Ng4 15. Ke2 Bxc4+ 16. Kf3 Bxf1 17. Raxf1 Nh6 18. h3 Kd7 19. g4 a6 20. Rd1 Rge8 21. Rd3 Ng8 22. Nf5 Ne7 23. Ng7 Rf8 24. e4 a5 25. b3 Ra6 26. Nh5 Ng8 27. Rc1 Rc6 28. Rxc6 bxc6 29. Rd4 Rb8 30. Ra4 Rb5 31. Ke3 d5 32. f5 Rb4 33. exd5 Rxa4 34. dxc6+ Kxc6 35. bxa4 Kc5 36. Kd3 Kb4 37. Nf4 Ne7 38. Nh5 Ng8 39. Nf4 Ne7 40. Nh5 Ng8 1/2-1/2


[Site "https://www.chess.com"]

[Event "Titled Tuesday Blitz November 22 Late 2022"]
[White "Simonovic, Miroslav"]
[Black "chess50years"]
[WhiteFideId "919152"]
[WhiteElo "2043"]
[BlackElo "2068"]
[Result "1-0"]
[Round "08"]
[TimeControl "180+1"]
[Date "2022.11.23"]
[WhiteClock "0:00:05"]
[BlackClock "0:00:17"]

1. d4 Nf6 2. Bg5 d5 3. Bxf6 gxf6 4. e3 Bf5 5. Bd3 Bg6 6. h4 e6 7. h5 Bxd3 8. Qxd3 c6 9. Nd2 Qb6 10. O-O-O Qa6 11. Qb3 Bd6 12. c4 Nd7 13. c5 Be7 14. e4 b6 15. cxb6 axb6 16. Kb1 Qa4 17. exd5 cxd5 18. Ne2 Rg8 19. g3 Qxb3 20. Nxb3 Bd6 21. Rc1 Ke7 22. f4 Rgc8 23. Rxc8 Rxc8 24. Rc1 Rxc1+ 25. Kxc1 f5 26. Kc2 Nf6 27. h6 Ng4 28. a4 Kd7 29. a5 bxa5 30. Nxa5 Nxh6 31. Nb3 Ng4 32. Nd2 Bb4 33. Nf3 f6 34. Kb3 Ba5 35. Ka4 Bb6 36. Kb5 Kc7 37. b4 Ne3 38. Ka6 Nc2 39. Kb5 Kb7 40. Ka4 Ne3 41. Kb3 Nc4 42. Nh2 h5 43. Nf3 Kc6 44. Nc3 Bc7 45. Na4 Bd6 46. Nc5 Bxc5 47. bxc5 Ne3 48. Ng1 Kb5 49. Ne2 Nc4 50. Kc3 Na5 51. Kd3 Kb4 52. Nc3 Nc6 53. Nd1 Kb3 54. Ne3 Nb4+ 55. Kd2 Na2 56. c6 1-0


[Site "https://www.chess.com"]

[Event "Titled Tuesday Blitz November 22 Late 2022"]
[White "Sokolovsky, Yahli"]
[Black "Bluebaum, Matthias"]
[WhiteFideId "2820242"]
[BlackFideId "24651516"]
[WhiteElo "2316"]
[BlackElo "2633"]
[Result "1-0"]
[Round "08"]
[TimeControl "180+1"]
[Date "2022.11.22"]
[WhiteClock "0:00:19"]
[BlackClock "0:00:17"]

1. b3 d5 2. Bb2 Bf5 3. e3 e6 4. Nf3 Nf6 5. d4 Bd6 6. Bd3 Bg6 7. Ne5 Nbd7 8. Nxg6 hxg6 9. f4 Ne4 10. Bxe4 dxe4 11. Nd2 f5 12. Qe2 c6 13. O-O-O a5 14. g4 a4 15. Rdg1 axb3 16. axb3 Qe7 17. Nc4 Bb4 18. c3 Ba5 19. Ba3 c5 20. dxc5 Nxc5 21. Kc2 Bxc3 22. Kxc3 b5 23. Nd6+ Qxd6 24. Qxb5+ Kf7 25. Rd1 Na4+ 26. Qxa4 Rhc8+ 27. Kb2 Qb6 28. Qd7+ Kg8 29. Qd4 Qa6 30. Qb4 Rcb8 31. Qc5 Qe2+ 32. Qc2 Qxe3 33. Rd2 Rxb3+ 34. Qxb3 Qxd2+ 35. Kb1 Qd8 36. Rd1 Qc8 37. Ka2 Rb8 38. Qa4 Qc3 39. Rb1 Rxb1 40. Kxb1 Qe1+ 41. Bc1 Qe2 42. Qe8+ Kh7 43. Qxe6 Qxg4 44. Qc4 Qh3 45. Qe2 Qb3+ 46. Bb2 Kg8 47. Kc1 Qh3 48. Qd2 Kh7 49. Qd4 Qf1+ 50. Kc2 Qe2+ 51. Kb1 Qf1+ 52. Ka2 Qa6+ 53. Kb3 Qb7+ 54. Kc2 Kh6 55. Qe3 Qc6+ 56. Bc3 Kh7 57. Qd4 Qb7 58. Kd2 Qc7 59. Ke3 g5 60. Qe5 gxf4+ 61. Kxf4 Qxe5+ 62. Bxe5 g6 63. Kg5 e3 64. Bd4 e2 65. Bc3 Kg8 66. Kxg6 f4 67. Be1 f3 68. Kf5 Kf7 69. Kf4 Kg6 70. Kxf3 Kh5 71. Kxe2 Kg4 72. Kf2 Kh3 73. Kg1 Kg4 74. Kg2 Kh5 75. h3 Kg5 76. Kg3 Kh5 77. h4 Kh6 78. Kg4 Kg6 79. h5+ Kh6 80. Bd2+ Kh7 81. Kg5 Kg8 82. Kg6 Kh8 83. h6 Kg8 84. h7+ Kf8 85. h8=Q+ Ke7 86. Qf6+ Kd7 87. Kf5 Kc7 88. Qe6 Kb7 89. Qd6 Kc8 90. Qe7 Kb8 91. Ke6 Ka8 92. Kd6 Kb8 93. Kc6 Ka8 94. Qb7# 1-0


[Site "https://www.chess.com"]

[Event "Titled Tuesday Blitz November 22 Late 2022"]
[White "Steinberg, Nitzan"]
[Black "Javakhadze, Zurab"]
[WhiteFideId "2801795"]
[BlackFideId "13603647"]
[WhiteElo "2491"]
[BlackElo "2381"]
[Result "1-0"]
[Round "08"]
[TimeControl "180+1"]
[Date "2022.11.22"]
[WhiteClock "0:00:38"]
[BlackClock "0:00:03"]

1. Nf3 d5 2. g3 Nf6 3. Bg2 e6 4. O-O Be7 5. d3 O-O 6. Nbd2 c5 7. e4 Nc6 8. Re1 b5 9. e5 Nd7 10. Nf1 b4 11. h4 a5 12. N1h2 a4 13. Bf4 f6 14. exf6 Nxf6 15. Ng5 e5 16. Bxe5 h6 17. Ngf3 Ng4 18. Bf4 Bd6 19. Bxd6 Qxd6 20. Qd2 Kh8 21. a3 bxa3 22. Rxa3 Nd4 23. Nxg4 Rxf3 24. Ne5 Rf8 25. c3 Nb5 26. Raa1 Ra7 27. Qe2 Bf5 28. d4 Qb6 29. Bxd5 cxd4 30. c4 d3 31. Qe3 Nd4 32. Nc6 Ne2+ 33. Rxe2 dxe2 34. Qxb6 1-0


[Site "https://www.chess.com"]

[Event "Titled Tuesday Blitz November 22 Late 2022"]
[White "Storey, Charles H"]
[Black "Ai, Evan"]
[WhiteFideId "406686"]
[BlackFideId "2094770"]
[WhiteElo "2252"]
[BlackElo "1963"]
[Result "1-0"]
[Round "08"]
[TimeControl "180+1"]
[Date "2022.11.23"]
[WhiteClock "0:01:25"]
[BlackClock "0:01:25"]

1. d4 Nf6 2. c4 e6 3. g3 d5 4. Bg2 Bb4+ 5. Nd2 O-O 6. Nf3 c6 7. O-O a5 8. a3 Be7 9. c5 b6 10. cxb6 Qxb6 11. e3 Ba6 12. Re1 Nbd7 13. Ne5 Nxe5 14. dxe5 Nd7 15. Nf3 c5 16. e4 d4 17. Bf4 Rfd8 18. h4 c4 19. h5 Nc5 20. h6 g6 21. Bg5 Qc7 22. Bxe7 Qxe7 23. Nxd4 Nd3 24. Nc6 Qc5 25. Qf3 Qxc6 26. Qf6 1-0


[Site "https://www.chess.com"]

[Event "Titled Tuesday Blitz November 22 Late 2022"]
[White "Suder, Jakub"]
[Black "Boruchovsky, Avital"]
[WhiteFideId "1195310"]
[BlackFideId "2800055"]
[WhiteElo "2243"]
[BlackElo "2458"]
[Result "0-1"]
[Round "08"]
[TimeControl "180+1"]
[Date "2022.11.22"]
[WhiteClock "0:00:01"]
[BlackClock "0:00:28"]

1. d4 d5 2. c4 e6 3. Nc3 c5 4. cxd5 cxd4 5. Qxd4 Nc6 6. Qa4 exd5 7. Nf3 Nf6 8. Bg5 Be7 9. e3 h6 10. Bh4 O-O 11. Be2 Be6 12. O-O Qb6 13. Qb5 g5 14. Bg3 Ne4 15. Qxb6 axb6 16. Nxe4 dxe4 17. Nd2 f5 18. Bc7 Bc5 19. Nc4 b5 20. Nd6 Bxd6 21. Bxd6 Rfd8 22. Rfd1 Bc4 23. Kf1 Rd7 24. Bc5 Rxd1+ 25. Rxd1 Bxe2+ 26. Kxe2 Rxa2 27. Rd2 b4 28. f4 g4 29. Kd1 b3 30. Ba3 b5 31. Bc5 Na5 32. Rd8+ Kf7 33. Bd4 Nc4 34. Rd5 Rxb2 35. Rxf5+ Ke6 36. Rf6+ Ke7 37. Bxb2 Nxb2+ 38. Kc1 Nd3+ 0-1


[Site "https://www.chess.com"]

[Event "Titled Tuesday Blitz November 22 Late 2022"]
[White "Sztokbant, Bernardo Vainzoff"]
[Black "Kovacevic, Radmila"]
[WhiteFideId "2115956"]
[BlackFideId "933171"]
[WhiteElo "2228"]
[BlackElo "2208"]
[Result "1-0"]
[Round "08"]
[TimeControl "180+1"]
[Date "2022.11.23"]
[WhiteClock "0:01:41"]
[BlackClock "0:00:09"]

1. e4 e5 2. Nf3 f5 3. d4 fxe4 4. Nxe5 Nf6 5. Nc3 d6 6. Nc4 d5 7. Ne5 Bd6 8. Be2 Nbd7 9. Bf4 O-O 10. O-O c6 11. Nxc6 bxc6 12. Bxd6 Rf7 13. f3 exf3 14. Bxf3 Nf8 15. Be5 Ng6 16. Bg3 Qb6 17. Na4 Qb4 18. c3 Qa5 19. Nc5 Ba6 20. Re1 Nd7 21. Ne6 Qb6 22. Qd2 Ngf8 23. Ng5 Rf6 24. Re7 h6 25. Nh3 Rxf3 26. gxf3 c5 27. Nf4 Bb7 28. Rae1 Nf6 29. dxc5 Qxc5+ 30. Qd4 Qa5 31. Rxb7 Qxa2 32. Rxg7+ Kxg7 33. Re7+ Kg8 34. Qxf6 Qb1+ 35. Kg2 Qc2+ 36. Kh3 Qg6 37. Nxg6 Nxg6 38. Qg7# 1-0


[Site "https://www.chess.com"]

[Event "Titled Tuesday Blitz November 22 Late 2022"]
[White "Tang, Andrew"]
[Black "Daggupati, Balaji"]
[WhiteFideId "2059630"]
[BlackFideId "2090759"]
[WhiteElo "2581"]
[BlackElo "2698"]
[Result "1-0"]
[Round "08"]
[TimeControl "180+1"]
[Date "2022.11.22"]
[WhiteClock "0:00:05"]
[BlackClock "0:00:03"]

1. d4 d5 2. Bf4 Nf6 3. e3 c5 4. Nc3 e6 5. Nb5 Na6 6. c3 Be7 7. a4 O-O 8. Nf3 Bd7 9. Ne5 Be8 10. Bd3 Nb8 11. dxc5 Bxc5 12. Qf3 Nc6 13. Qh3 Ne7 14. b4 Bb6 15. a5 Bxb5 16. Bxb5 Bc7 17. Bd3 Ng6 18. Nxg6 hxg6 19. Bg5 Be5 20. Rc1 Qd6 21. O-O Nd7 22. Rfd1 Bf6 23. Bf4 Be5 24. Bg5 Bf6 25. Bf4 Be5 26. c4 Bxf4 27. exf4 Qxf4 28. cxd5 Rae8 29. Bb5 Re7 30. d6 Ree8 31. Bxd7 Rd8 32. Bb5 Qxb4 33. Qd3 a6 34. Bc4 Rd7 35. Rb1 Qxa5 36. Qe4 Qc5 37. Rbc1 Rxd6 38. Rxd6 Qxd6 39. Qxb7 Qa3 40. Rf1 a5 41. g3 Qc3 42. Ba2 Qa3 43. Qb1 Rd8 44. Qc2 Qb4 45. Qe2 Rd2 46. Qc4 Qb2 47. Qc8+ Kh7 48. Bb1 a4 49. Qc4 a3 50. Qh4+ Kg8 51. Qc4 a2 52. Bxa2 Qxa2 53. Qc8+ Kh7 54. Qc7 e5 55. Qxe5 Qd5 56. Qf4 Rd4 57. Qc1 Rc4 58. Qb1 Rd4 59. Qe1 Kg8 60. Qe8+ Kh7 61. Qe2 Re4 62. Qf3 Qf5 63. Qc3 Re8 64. Rd1 Kg8 65. h4 Qg4 66. Rc1 Qf5 67. Qd4 Qe5 68. Qd3 Qf5 69. Qa6 Qf6 70. Qb7 Qe6 71. Qf3 Qf5 72. Qd1 Qe6 73. Kh2 Qf6 74. Rc2 Qe6 75. Rd2 Qf6 76. Kg2 Qe6 77. Rd4 Qc6+ 78. Kh2 Qe6 79. Qf3 Rf8 80. Rf4 Re8 81. Kg2 Rc8 82. Re4 Qf6 83. Qg4 Rf8 84. h5 gxh5 85. Qxh5 Qh6 86. Qd5 Qg6 87. Rh4 Rc8 88. Qd1 Qc6+ 89. Kh2 Qg6 90. Qh1 Rc2 91. Qf3 Rc8 92. Qg2 Qf6 93. Kg1 g5 94. Rh5 Rc1+ 95. Kh2 Rc2 96. Qa8+ Kg7 97. Qh8+ Kg6 98. Rh6+ Kf5 99. Qxf6+ 1-0


[Site "https://www.chess.com"]

[Event "Titled Tuesday Blitz November 22 Late 2022"]
[White "Tarnowska, Aleksandra"]
[Black "Rios Escobar, Adan"]
[WhiteFideId "1180967"]
[BlackFideId "3403645"]
[WhiteElo "1776"]
[BlackElo "2323"]
[Result "0-1"]
[Round "08"]
[TimeControl "180+1"]
[Date "2022.11.23"]
[WhiteClock "0:00:01"]
[BlackClock "0:00:15"]

1. e4 c5 2. Nf3 d6 3. Bb5+ Nd7 4. O-O a6 5. Bxd7+ Bxd7 6. c3 Nf6 7. Re1 e6 8. d4 Be7 9. Nbd2 cxd4 10. cxd4 O-O 11. Nf1 Rc8 12. Bd2 Bc6 13. Ng3 b5 14. Rc1 Qb6 15. Bf4 Qb7 16. Qd3 Bd8 17. Ng5 h6 18. Nf3 Ba5 19. Nd2 Rfd8 20. a3 Bb6 21. b4 g5 22. Be3 Ng4 23. h3 Nxe3 24. fxe3 Be8 25. Qe2 f6 26. Rf1 Qg7 27. Rxc8 Rxc8 28. Qf3 Rc2 29. Rf2 e5 30. dxe5 dxe5 31. Nf5 Qf8 32. Kh2 Bg6 33. Ng3 Kg7 34. Nh5+ Bxh5 35. Qxh5 Bxe3 36. Re2 Bxd2 37. Qh4 gxh4 0-1


[Site "https://www.chess.com"]